 Dungeon Crawl Stone Soup version 0.32-a0-42-ga30500b4d3 (webtiles) character file.

Game seed: 6944728821652055555

391 cforsyth the Trooper (level 7, -6/51 (54) HPs)
             Began as a Djinni Reaver on Jan 28, 2024.
             Splashed by a jelly's acid (9 damage)
             ... on level 4 of the Dungeon.
             The game lasted 00:06:17 (2846 turns).

cforsyth the Trooper (Djinni Reaver)                Turns: 2846, Time: 00:06:17

HP:   -6/51 (54)    AC: -4    Str: 11    XL:     7   Next: 8%
Gold: 196           EV: 12    Int: 16    God:
                    SH:  0    Dex: 18

rFire   + + +        a - +0 short sword
rCold   x . .        (no shield)
rNeg    . . .        y - +2 leather armour {rF+}
rPois   ∞            z - +2 hat
rElec   .            (no cloak)
rCorr   .            r - +0 pair of gloves
SInv    .            (boots unavailable)
Will    +....        t - amulet of regeneration
Stlth   +            c - ring of willpower
HPRegen 1.08/turn    n - +6 ring of dexterity
MPRegen 0.00/turn

%: infuse magic (-7 HP)
@: corroded, flying, drained
A: sickness immunity, fire resistance 2, cold vulnerability 1, float, innate
caster, HP casting, extra vitality 1
a: no special abilities


You were on level 4 of the Dungeon.
You visited 2 branches of the dungeon, and saw 5 of its levels.

You collected 196 gold pieces.

Inventory:

Hand Weapons
 a - a +0 short sword (weapon)
Armour
 b - a +0 leather armour
 r - a +0 pair of gloves (worn)
 y - a +2 leather armour of fire resistance (worn)
 z - a +2 hat (worn)
Jewellery
 c - a ring of willpower (left hand)
 g - an amulet of faith
 n - a +6 ring of dexterity (right hand)
 t - an amulet of regeneration (around neck)
 v - a ring of ice
Scrolls
 d - 5 scrolls of identify {unknown}
 f - 3 scrolls of torment {unknown}
 j - 3 scrolls of enchant weapon {unknown}
 o - 3 scrolls of blinking {unknown}
 s - a scroll of amnesia {unknown}
 u - 3 scrolls of teleportation {unknown}
 w - a scroll of revelation {unknown}
 x - a scroll of acquirement {unknown}
Potions
 e - 2 potions of might {unknown}
 h - a potion of magic {unknown}
 i - 2 potions of resistance {unknown}
 k - 2 potions of mutation {unknown}
 l - a potion of degeneration {unknown}
 m - 2 potions of heal wounds {unknown}
 p - 2 potions of enlightenment {unknown}
 q - 3 potions of curing {unknown}


   Skills:
 + Level 5.2 Fighting
 - Level 2.6 Short Blades
 - Level 2.1 Dodging
 + Level 4.6 Spellcasting
 + Level 4.6 Conjurations
 + Level 4.6 Hexes
 + Level 4.6 Summonings
 + Level 4.6 Necromancy
 + Level 4.6 Translocations
 + Level 4.6 Fire Magic
 + Level 4.6 Ice Magic
 + Level 4.6 Air Magic
 + Level 4.6 Earth Magic
 + Level 4.6 Alchemy


You knew the following spells:

 Your Spells              Type           Power      Damage    Failure   Level
a - Kiss of Death         Conj/Necr      72%        2d10      3%          1
b - Momentum Strike       Conj/Tloc      36%        3d9       4%          2
c - Hailstorm             Conj/Ice       18%        3d7       9%          3
d - Freeze                Ice            72%        1d8       3%          1
e - Blink                 Tloc           36%        N/A       4%          2
f - Teleport Other        Tloc           18%        N/A       9%          3
Your spell library was empty.

Dungeon Overview and Level Annotations

Branches:
Dungeon (4/15)             Temple (1/1) D:4

Altars:
Ashenzari
Cheibriados
Dithmenos
Fedhas
Gozag
Hepliaklqana
Makhleb
Qazlal
Ru
Trog
Wu Jian
Xom
Yredelemnul
Zin
The Shining One

Shops:
D:2 (

Annotations:
D:3 1 runed translucent door, Crazy Yiuf


Innate Abilities, Weirdness & Mutations

You are immune to sickness and miasma.
You are immune to poison.
Your flesh is very heat resistant. (rF++)
You are vulnerable to cold. (rC-)
You float through the air rather than walking.
You learn spells naturally, not from books.
Your magical power is your life essence.
You have superior vitality. (+4 MHP)


Message History

You see here a scroll labelled CEBROMOTUNO.
u - 3 scrolls labelled CEBROMOTUNO (gained 1)
The jelly jiggles.
The jelly hits you but does no damage.
You hit the jelly. The acid corrodes you!
Your hands burn!
The jelly is moderately wounded.
The jelly hits you but does no damage.
You hit the jelly but do no damage.
Your hands burn!
The jelly is moderately wounded.
The jelly completely misses you.
You hit the jelly.
Your hands burn!
The jelly is moderately wounded.
The jelly barely misses you.
You hit the jelly.
Your hands burn!
The jelly is severely wounded.
The jelly barely misses you.
You hit the jelly but do no damage.
Your hands burn!
The jelly is severely wounded.
The jelly hits you but does no damage.
You hit the jelly. The acid corrodes you!
Your hands burn!
The jelly is almost dead.
The jelly hits you.
You are splashed with acid!
You hit the jelly but do no damage.
Your hands burn!
The jelly is almost dead.
The jelly hits you.
You are splashed with acid!
You hit the jelly but do no damage.
Your hands burn!
* * * LOW HITPOINT WARNING * * *
The jelly is almost dead.
You hit the jelly but do no damage.
Your hands burn!
* * * LOW HITPOINT WARNING * * *
The jelly is almost dead.
The jelly closely misses you.
You hit the jelly. The acid corrodes you!
Your hands burn!
* * * LOW HITPOINT WARNING * * *
You punch the jelly, but do no damage.
The jelly is almost dead.
The jelly hits you.
* * * LOW HITPOINT WARNING * * *
You are splashed with acid!
You die...

#.# ## #.# #.
##.########.
#...........
#.##........
######.##........
####.......#........
#.....#######.......
#.J@..# #......>
.)...........#
#....###
.............# #....
+#...........# #....
#...........# #####
#........(..#
#......#....#
#############


You could see a jelly.

Vanquished Creatures
  An ogre (D:4)
  A phantom (D:3)
  2 bombardier beetles (D:4)
  A hound (D:3)
  2 iguanas
  An orc wizard (D:4)
  3 ribbon worms
  5 orcs
  6 endoplasms
  3 giant cockroaches
  6 goblins
  6 hobgoblins
  6 kobolds
  3 ball pythons
  4 bats
  3 frilled lizards
  2 rats
55 creatures vanquished.

Notes
Turn   | Place    | Note
-------+----------+-------------------------------------------
     0 | D:1      | cforsyth the Djinni Reaver began the quest for the Orb.
     0 | D:1      | cforsyth set off with the following spells memorised: Kiss
                  | of Death, Momentum Strike, Hailstorm.
     0 | D:1      | Reached XP level 1. HP: 18/18 MP: 0/0
   214 | D:1      | Reached XP level 2. HP: 6/23 MP: 0/0
   689 | D:2      | Reached XP level 3. HP: 15/29 MP: 0/0
   689 | D:2      | Learned a level 1 spell: Freeze
   789 | D:2      | Found Irhaug's Antique Weapon Shop.
  1179 | D:3      | Found a faded altar of an unknown god.
  1404 | D:3      | Reached skill level 3 in Fighting
  1404 | D:3      | Reached XP level 4. HP: 17/34 MP: 0/0
  2033 | D:4      | Noticed a phantom
  2057 | D:3      | Found a runed translucent door.
  2058 | D:3      | Noticed Crazy Yiuf
  2300 | D:3      | Killed a phantom
  2301 | D:3      | Reached skill level 4 in Fighting
  2301 | D:3      | Reached XP level 5. HP: 30/41 MP: 0/0
  2301 | D:3      | Learned a level 2 spell: Blink
  2387 | D:4      | Reached XP level 6. HP: 46/47 MP: 0/0
  2506 | D:4      | Noticed an ogre
  2512 | D:4      | Killed an ogre
  2543 | D:4      | Reached skill level 5 in Fighting
  2578 | D:4      | Found a staircase to the Ecumenical Temple.
  2639 | Temple   | Entered the Ecumenical Temple
  2712 | D:4      | Reached XP level 7. HP: 49/51 MP: 0/0
  2712 | D:4      | Learned a level 3 spell: Teleport Other
  2846 | D:4      | Splashed by a jelly's acid

Illustrated notes

Levels and vault maps discovered:
D:1:      dpeg_arrival_orchard, layout_basic, minmay_tromino_v4_b
D:2:      layout_rooms, serial_shops, nicolae_diamond_shop
D:3:      layout_loops_ring, nicolae_ecumenical_oubliette,
          uniq_crazy_yiuf_cottage
D:4:      layout_basic, overflow_temple_1_default,
          minmay_temple_entry_junction_2
Temple:   nicolae_temple_bog_church

Skill      XL: |  1  2  3  4  5  6 |
---------------+-------------------+-----
Spellcasting   | 3 4 |  4.6
Conjurations   | 3 4 |  4.6
Hexes          | 3 4 |  4.6
Summonings     | 3 4 |  4.6
Necromancy     | 3 4 |  4.6
Translocations | 3 4 |  4.6
Fire Magic     | 3 4 |  4.6
Ice Magic      | 3 4 |  4.6
Air Magic      | 3 4 |  4.6
Earth Magic    | 3 4 |  4.6
Alchemy        | 3 4 |  4.6
Fighting       | 3 4 5 |  5.2
Short Blades   | |  2.6
Dodging        | |  2.1

Action                     |  1- 3 |  4- 6 |  7- 9 || total
---------------------------+-------+-------+-------++-------
  Melee: Short sword       |   171 |   192 |    46 ||   409
         Punch             |     1 |     3 |     2 ||     6
   Cast: Kiss of Death     |     1 |     1 |       ||     2
         Hailstorm         |       |     2 |       ||     2
         Momentum Strike   |       |     2 |       ||     2
   Stab: Sleeping          |     2 |     2 |       ||     4
 Armour: Leather armour    |    78 |    76 |    18 ||   172
  Dodge: Dodged            |    92 |    65 |    23 ||   180

Table legend: (Time is in decaauts)
 A = Elapsed time spent in this place.
 B = Non-inter-level travel time spent in this place.
 C = Inter-level travel time spent in this place.
 D = Time resting spent in this place.
 E = Time spent auto-exploring this place.
 F = Levels seen in this place.
 G = Mean time per level.
                   A        B        C        D        E       F      G
               +--------+--------+--------+--------+--------+-----+--------+
         Total |   2795 |   2559 |    236 |     21 |   1800 |   5 |  559.0 |
       Dungeon |   2763 |   2543 |    220 |     21 |   1800 |   4 |  690.8 |
        Temple |     31 |     15 |     16 |      0 |      0 |   1 |   31.0 |
               +--------+--------+--------+--------+--------+-----+--------+

Top non-repeatable levels by time:
     D:3: 1132 daAuts
     D:1: 603 daAuts
     D:2: 575 daAuts
     D:4: 451 daAuts
  Temple: 31 daAuts
